 Dungeon Crawl Stone Soup version 0.27-a0-475-g4587593e40 (webtiles) character file.

Game seed: 8526733424146311264

122 Leibowitz the Shield-Bearer (level 4, -10/38 HPs)
             Began as a Demigod Fighter on Mar 1, 2021.
             Mangled by an ogre
             ... wielding a +0 giant club
              (27 damage)
             ... on level 4 of the Dungeon.
             The game lasted 00:04:16 (2555 turns).

Leibowitz the Shield-Bearer (Demigod Fighter)       Turns: 2555, Time: 00:04:17

Health: -10/38     AC:  9    Str: 21    XL:     4   Next: 50%
Magic:  6/6        EV:  5    Int: 10    God:
Gold:   157        SH:  9    Dex: 13    Spells: 3/3 levels left

rFire    . . .     SeeInvis .   a - +0 war axe
rCold    . . .     Faith    .   c - +0 kite shield
rNeg     . . .     Spirit   .   n - +0 chain mail
rPois    .         Reflect  .   (no helmet)
rElec    .         Harm     .   (no cloak)
rCorr    .         Rampage  .   (no gloves)
Will     .....                  (no boots)
Stlth    ..........             (no amulet)
HPRegen  0.12/turn              (no ring)
MPRegen  0.10/turn              (no ring)

@: mighty
A: high mp 1
a: no special abilities


You were on level 4 of the Dungeon.
You visited 1 branch of the dungeon, and saw 4 of its levels.

You collected 157 gold pieces.

Inventory:

Hand Weapons
 a - a +0 war axe (weapon)
Armour
 c - a +0 kite shield (worn)
 n - a +0 chain mail (worn)
Jewellery
 o - a ring of wizardry
Scrolls
 b - a scroll of blinking {unknown}
 e - 2 scrolls of enchant armour {unknown}
 f - a scroll of fog {unknown}
 h - 5 scrolls of identify {unknown}
 i - a scroll of amnesia {unknown}
 j - a scroll of fear {unknown}
 l - 3 scrolls of teleportation {unknown}
 m - 2 scrolls of enchant weapon {unknown}
 q - a scroll of magic mapping {unknown}
Potions
 g - 2 potions of heal wounds {unknown}
 k - a potion of attraction {unknown}
 p - 3 potions of curing {unknown}


   Skills:
 * Level 3.1 Fighting
 * Level 3.0 Axes
 * Level 3.2 Armour
 * Level 1.0 Dodging
 * Level 3.4 Shields


You had 3 spell levels left.
You didn't know any spells.
Your spell library was empty.

Dungeon Overview and Level Annotations

Branches:
Dungeon (4/15)
 Temple: D:4-7


Innate Abilities, Weirdness & Mutations

You have an increased reservoir of magic. (+10% MP)


Message History

a +0 club; a hobgoblin corpse Done exploring.
There is a stone staircase leading down here.
You climb downwards.
You hear the sound of rushing water.
There is an entrance to a sewer on this level.
Hurry and find it before the portal rusts away!
A worker ant and an ogre come into view.
The ogre shouts!
Found a stone staircase leading up.
There is a stone staircase leading up here.
The worker ant bites you but does no damage.
The ogre hits you with a +0 giant club! You block the worker ant's attack.
The worker ant bites you but does no damage.
Found a robe.
Found an escape hatch in the floor.
You closely miss the worker ant.
The worker ant bites you but does no damage. x2
You closely miss the worker ant. The worker ant bites you.
The worker ant barely misses you.
You feel very mighty all of a sudden. You block the worker ant's attack.
You barely miss the worker ant.
The worker ant bites you but does no damage. x2
You slice the worker ant!!
You kill the worker ant!
The ogre hits you with a +0 giant club!
Your Axes skill increases to level 3!
Your Dodging skill increases to level 1!
You barely miss the ogre. You block the ogre's attack.
You barely miss the ogre. You block the ogre's attack.
You slash the ogre!
The ogre is moderately wounded.
You block the ogre's attack.
You hit the ogre.
The ogre is heavily wounded.
The ogre hits you but does no damage.
The ogre hits you with a +0 giant club!!
Ouch! That really hurt!
You die...

... ... .. ....[..
.. #........
.####.........
............. .
#.##......... ...
#@#<.........
>....#O#..........
...................
......####O........
...... +.........
......####........#
...........<##.....
......#.....# .#..
.... #.....# .##


You could see an ogre.

Vanquished Creatures
  A worker ant (D:4)
  3 adders
  An ooze (D:2)
  A worm (D:2)
  2 dart slugs
  4 leopard geckos
  5 orcs (D:3)
  6 bats
  2 giant cockroaches (D:3)
  2 goblins (D:1)
  5 hobgoblins
  4 jackals (D:1)
  3 kobolds
  2 ball pythons
  3 frilled lizards
  9 rats
53 creatures vanquished.

Notes
Turn   | Place    | Note
-------+----------+-------------------------------------------
     0 | D:1      | Leibowitz the Demigod Fighter began the quest for the Orb.
     0 | D:1      | Reached XP level 1. HP: 18/18 MP: 3/3
   270 | D:1      | Reached XP level 2. HP: 24/25 MP: 4/4
   839 | D:2      | Reached XP level 3. HP: 31/31 MP: 5/5
  1910 | D:3      | Reached XP level 4. HP: 28/38 MP: 6/6
  2254 | D:3      | Found a blossoming altar of Fedhas.
  2539 | D:4      | Noticed an ogre
  2552 | D:4      | Reached skill level 1 in Dodging
  2555 | D:4      | Mangled by an ogre

Illustrated notes

Levels and vault maps discovered:
D:1:      kennysheep_arrival_forest, layout_rooms, serial_forest,
          infiniplex_forest_end_1, infiniplex_forest_straight_1,
          infiniplex_forest_zigzag_1, infiniplex_forest_clump_small,
          infiniplex_forest_corner_2, infiniplex_forest_lined_2,
          infiniplex_forest_straight_2
D:2:      layout_loops_ring
D:3:      layout_basic, fedhas_altar_1
D:4:      black_bear_nest_2, layout_basic, zin_angel,
          gammafunk_temple_overflow_elements, kennysheep_mini_moat,
          minmay_temple_entry_mini_moons, cheibrodos_sewer_entry_sluice

Skill      XL: |  1  2  3  4 |
---------------+-------------+-----
Axes           | 2 3 |  3.0
Fighting       | 3 |  3.1
Shields        | 3 |  3.4
Armour         | 3 |  3.2
Dodging        | 1 |  1.0

Action                   |  1- 3 |  4- 6 || total
-------------------------+-------+-------++-------
Melee: War axe           |   120 |    34 ||   154
  Use: Potion            |       |     1 ||     1
Armor: Scale mail        |    53 |       ||    53
       Chain mail        |    21 |    20 ||    41
Dodge: Dodged            |    47 |     4 ||    51
Block: Kite shield       |    77 |    15 ||    92

Table legend: (Time is in decaauts)
 A = Elapsed time spent in this place.
 B = Non-inter-level travel time spent in this place.
 C = Inter-level travel time spent in this place.
 D = Time resting spent in this place.
 E = Time spent auto-exploring this place.
 F = Levels seen in this place.
 G = Mean time per level.
                   A        B        C        D        E       F      G
               +--------+--------+--------+--------+--------+-----+--------+
         Total |   2649 |   2577 |     72 |    177 |   1931 |   4 |  662.2 |
       Dungeon |   2649 |   2577 |     72 |    177 |   1931 |   4 |  662.2 |
               +--------+--------+--------+--------+--------+-----+--------+

Top non-repeatable levels by time:
     D:2: 992 daAuts
     D:3: 972 daAuts
     D:1: 664 daAuts
     D:4: 19 daAuts
